 Dungeon Crawl Stone Soup version 0.28-b1-25-g9875b3fc8c (webtiles) character file.

Game seed: 12073399167862314910

1811 crazypyro the Blocker (level 8, -1/58 HPs)
             Began as a Demonspawn Fighter on Jan 31, 2022.
             Slain by Menkaure (18 damage)
             ... on level 6 of the Dungeon.
             The game lasted 00:12:07 (7682 turns).

crazypyro the Blocker (Demonspawn Fighter)          Turns: 7682, Time: 00:12:07

Health: -1/58      AC: 14    Str: 19    XL:     8   Next: 84%
Magic:  8/8        EV: 13    Int: 10    God:
Gold:   367        SH:  6    Dex: 12    Spells: 7/7 levels left

rFire   x . .      SeeInvis .   p - +4 whip "Taonosta" {vorpal, rF- rC+ Stlth+}
rCold   + . .      Faith    .   c - +0 buckler
rNeg    . . .      Spirit   .   f - +0 chain mail
rPois   +          Reflect  .   (helmet restricted)
rElec   .          Harm     .   (no cloak)
rCorr   .          Rampage  .   i - +2 pair of gloves
Will    .....                   (no boots)
Stlth   ..........              B - amulet of the acrobat
HPRegen 0.19/turn               (no ring)
MPRegen 0.22/turn               (no ring)

@: agile, studying Shields, unable to read
A: antennae 1, molten scales 1, powered by pain 1, magic regeneration, talons 1,
poison resistance, screaming 1, inability to read while threatened, devolution 1
a: no special abilities


You were on level 6 of the Dungeon.
You visited 1 branch of the dungeon, and saw 6 of its levels.
You also visited: Ossuary.

You collected 367 gold pieces.

Inventory:

Hand Weapons
 a - a +1 war axe
 p - the +4 whip "Taonosta" (weapon) {vorpal, rF- rC+ Stlth+}
   (You found it on level 2 of the Dungeon)

   It inflicts extra damage upon your enemies.
   rF:        It makes you vulnerable to fire.
   rC:        It protects you from cold.
   Stlth:     It makes you more stealthy.
Armour
 b - a +0 scale mail
 c - a +0 buckler (worn)
 f - a +0 chain mail (worn)
 i - a +2 pair of gloves (worn)
 u - a +0 pair of gloves
Jewellery
 B - an amulet of the acrobat (around neck)
Wands
 s - a wand of iceblast (18)
Scrolls
 e - a scroll of holy word
 g - 2 scrolls of enchant weapon
 j - 2 scrolls of identify
 n - 2 scrolls of fear {unknown}
 o - a scroll of fog {unknown}
 w - a scroll of summoning {unknown}
 y - a scroll of vulnerability {unknown}
 z - a scroll of magic mapping
 A - 2 scrolls of silence
Potions
 d - 3 potions of might
 h - 2 potions of cancellation
 k - a potion of lignification
 l - 2 potions of magic
 m - a potion of brilliance
 q - a potion of ambrosia
 r - a potion of berserk rage {unknown}
 t - 2 potions of haste
 v - 2 potions of curing
 x - a potion of heal wounds


   Skills:
 - Level 3.4 Fighting
 - Level 2.5(4.8) Axes
 * Level 6.3(6.6) Maces & Flails
 - Level 3.1 Armour
 + Level 4.4 Dodging
 * Level 8.9 Shields


You had 7 spell levels left.
You didn't know any spells.
Your spell library contained the following spells:

 Spells                   Type           Power      Damage    Failure   Level
 Blink                    Tloc           0%         N/A       100%        2
 Lesser Beckoning         Tloc           0%         N/A       100%        3
 Manifold Assault         Tloc           0%         N/A       100%        5


Dungeon Overview and Level Annotations

Branches:
Dungeon (6/15)            Ossuary (visited)
 Temple: D:4-7

Altars:
Ashenzari
Elyvilon
Nemelex Xobeh
Wu Jian

Annotations:
D:6 Menkaure


Innate Abilities, Weirdness & Mutations

You have a pair of small antennae on your head.
You are partially covered in molten scales. (AC +2)
You sometimes gain a little power by taking damage.
You regenerate magic rapidly.
You have sharp toenails.
Your system is resistant to poisons. (rPois)
You occasionally shout uncontrollably at your foes.
You sometimes lose the ability to read scrolls when taking damage.
You have hidden genetic defects.


Message History

As you open the door, it creaks loudly!
You open the door.
There is an open door here.
Found a stone staircase leading down.
No target in view!
No target in view!
l - 2 potions of magic (gained 1)
There is an open door here.
There is an open door here.
There is a stone staircase leading down here.
Found a stone staircase leading down.
You open the door.
Menkaure, Prince of Dust comes into view.
Menkaure shouts!
Menkaure casts a spell.
Menkaure seems to speed up.
An iguana comes into view.
Menkaure calls on the powers of darkness!
The iguana convulses!
The iguana hisses angrily.
Your body is wracked with pain!
You focus on the pain.
You feel agile all of a sudden.
There is an open door here.
Menkaure calls on the powers of darkness!
The iguana convulses!
Your body is wracked with pain!
You feel threatened and lose the ability to read scrolls!
* * * LOW HITPOINT WARNING * * *
Unknown command.
You are too injured to fight recklessly!
Found a buckler.
You can read scrolls again.
Menkaure completely misses you.
You completely miss the iguana. You claw the iguana.
The iguana is almost dead.
The iguana barely misses you.
You completely miss the iguana. Your kick misses the iguana.
The iguana is almost dead.
Menkaure hits you!!
You feel threatened and lose the ability to read scrolls!
You die...

#. #. #. ####.#####
##.### #..... ..#
##..... #.##.# #.#
##.....## #.##.###.#
.#....M..## #.#...##.#
......l@..###.....##.###
..........'..........>..
.[........###........###
.#.......## ###.#.####
##.....## ###.# ##...##
#.# ##+# #.# #.# #>#


You could see Menkaure (fast) and an iguana.

Vanquished Creatures
  A wraith (Ossuary)
  A water moccasin (D:5)
  Duvessa (D:5)
  2 necrophages (D:5)
  An ogre (D:5)
  An ice beast (D:5)
  2 phantoms
  3 scorpions
  Dowan (D:5)
  2 centaur zombies
  A gnoll shaman (D:4)
  A jelly (D:4)
  4 hounds
  A human zombie (Ossuary)
  A bullfrog skeleton (D:5)
  A centaur skeleton (D:6)
  Ijyb (D:3)
  2 iguanas
  An orc wizard (D:3)
  3 mummies (Ossuary)
  8 adders
  7 gnolls
  A white imp (D:5)
  A worm (D:3)
  2 dart slugs (D:1)
  19 orcs
  6 bats
  6 endoplasms
  3 giant cockroaches
  13 goblins
  7 hobgoblins
  7 quokkas
  3 ball pythons
  2 frilled lizards (D:1)
  A goblin zombie (Ossuary)
  3 hobgoblin zombies (Ossuary)
  7 kobolds
  4 kobold zombies (Ossuary)
  An orc zombie (Ossuary)
  3 rats
135 creatures vanquished.

Notes
Turn   | Place    | Note
-------+----------+-------------------------------------------
     0 | D:1      | crazypyro the Demonspawn Fighter began the quest for the
                  | Orb.
     0 | D:1      | Reached XP level 1. HP: 18/18 MP: 1/1
   215 | D:1      | Gained mutation: You have a pair of small antennae on your
                  | head. [demonic ancestry]
   215 | D:1      | Reached XP level 2. HP: 20/24 MP: 2/2
  1428 | D:1      | Reached XP level 3. HP: 29/29 MP: 3/3
  1829 | D:2      | Identified the +4 whip "Taonosta" {vorpal, rF- rC+ Stlth+}
  2229 | D:2      | Reached skill level 1 in Dodging
  2229 | D:2      | Gained mutation: You are partially covered in molten
                  | scales. (AC +2) [demonic ancestry]
  2229 | D:2      | Reached XP level 4. HP: 34/35 MP: 4/4
  2456 | D:3      | Reached skill level 1 in Maces & Flails
  2973 | D:3      | Found a faded altar of an unknown god.
  3022 | D:3      | Noticed Ijyb
  3054 | D:3      | Killed Ijyb
  3055 | D:3      | Reached XP level 5. HP: 13/41 MP: 5/5
  3403 | D:3      | Identified a scroll of acquirement
  3403 | D:3      | Acquired a manual of Shields
  3586 | D:4      | Noticed a phantom
  3595 | D:4      | Reached skill level 3 in Shields
  3603 | D:4      | Killed a phantom
  3604 | D:4      | Reached XP level 6. HP: 32/47 MP: 6/6
  4034 | D:4      | Reached skill level 4 in Shields
  5224 | D:5      | Entered Level 5 of the Dungeon
  5224 | D:5      | Noticed Duvessa
  5224 | D:5      | Noticed Dowan
  5242 | D:5      | Killed Duvessa
  5243 | D:5      | Reached skill level 5 in Shields
  5243 | D:5      | Gained mutation: You regenerate magic rapidly. [demonic
                  | ancestry]
  5243 | D:5      | Reached XP level 7. HP: 17/52 MP: 7/7
  5251 | D:5      | Killed Dowan
  5549 | D:5      | Found a sparkling altar of Nemelex Xobeh.
  5560 | D:5      | Reached skill level 6 in Shields
  5656 | D:5      | Found a sand-covered staircase.
  5660 | Ossuary  | Entered an ossuary
  5660 | Ossuary  | Noticed a wraith
  5660 | Ossuary  | Noticed a wraith
  5660 | Ossuary  | Noticed a wraith
  5747 | Ossuary  | Reached skill level 5 in Maces & Flails
  5747 | Ossuary  | Gained mutation: You sometimes gain a little power by
                  | taking damage. [demonic ancestry]
  5747 | Ossuary  | Reached XP level 8. HP: 52/58 MP: 8/8
  5830 | Ossuary  | Reached skill level 7 in Shields
  6400 | D:5      | Gained mutation: Your system is resistant to poisons.
                  | (rPois) [potion of mutation]
  6400 | D:5      | Gained mutation: You have hidden genetic defects. [potion
                  | of mutation]
  6400 | D:5      | Gained mutation: You occasionally shout uncontrollably at
                  | your foes. [potion of mutation]
  6400 | D:5      | Gained mutation: You have sharp toenails. [potion of
                  | mutation]
  6494 | D:5      | Reached skill level 8 in Shields
  6798 | D:5      | Gained mutation: You sometimes lose the ability to read
                  | scrolls when taking damage. [hidden defects]
  6854 | D:5      | Found an ornate altar of the Wu Jian Council.
  7447 | D:6      | Found a broken altar of Ashenzari.
  7676 | D:6      | Noticed Menkaure
  7682 | D:6      | Slain by Menkaure

Illustrated notes

Levels and vault maps discovered:
D:1:      minmay_arrival_shoal_huts, layout_basic,
          chequers_serial_rivers_large_a, minivault_11, minmay_bisected
D:2:      layout_basic
D:3:      kennysheep_the_goblin_king, layout_rooms,
          chequers_ecumenical_altar_simple, uniq_ijyb
D:4:      layout_cave_pools, minmay_ruptured
D:5:      layout_loops_ring, pdpol_wu_jian_five_deadly_venoms,
          jmf_multi_god_temple, enter_ossuary_5, nicolae_sextant,
          kennysheep_opposing_triangles, uniq_duvessa
D:6:      layout_loops_corners, marbit_many_paths, uniq_menkaure

Skill      XL: |  1  2  3  4  5  6  7  8 |
---------------+-------------------------+-----
Axes           | 2 |  2.5
Armour         | 3 |  3.1
Dodging        | 1 2 3 4 |  4.4
Maces & Flails | 2 3 5 6 |  6.3
Shields        | 3 5 6 8 |  8.9
Fighting       | |  3.4

Action                   |  1- 3 |  4- 6 |  7- 9 || total
-------------------------+-------+-------+-------++-------
Melee: War axe           |    76 |       |       ||    76
       Whip              |    25 |   189 |   224 ||   438
       Kick              |       |       |    31 ||    31
  Use: Scroll            |       |    13 |     5 ||    18
       Potion            |       |       |     1 ||     1
Armor: Scale mail        |    17 |       |       ||    17
       Chain mail        |    37 |   127 |   117 ||   281
Dodge: Dodged            |    37 |    72 |    54 ||   163
Block: Buckler           |    34 |    49 |    55 ||   138
